[ AOE2 MATCH · #505567248 ]
UnrankedChinese vs Mongols
Player's team · WIN
Rival team · LOSS
[ REPLAY ANALYSIS · EXTRACTED FROM THE RECORDED GAME ]
Feudal
9:50
Castle
22:58
Imperial
—
| APM avg | 55.6 |
| APM peak | 84 |
| eAPM avg | 21.4 |
| Villagers / military | 64 / 31 |
Focus
⚔️ 22.0% · 🌾 78.0%
Skirmisher ×18 · Archer ×8 · Militia ×5
Feudal
8:25
Castle
—
Imperial
—
| APM avg | 57.7 |
| APM peak | 85 |
| eAPM avg | 30.5 |
| Villagers / military | 68 / 58 |
Focus
⚔️ 38.6% · 🌾 61.4%
Skirmisher ×27 · Archer ×25 · Scout Cavalry ×6
Match map
Initial resources + every placement click. Lines = walls · curves = elevation contours. ◆ gold · ⬟ stone · ● berries · ✦ relic · ◌ wall gap
Your base· Open — unwalled flank
wanjiadg's base· Open — unwalled flank
Smoothed initial terrain · ◌ = detected wall gap · hover for details
Inputs per minute
— Jahhed - - wanjiadg
Build order — Jahhed
First 150 of 154 actions detected
| 0:02 | Research | Loom |
| 0:50 | Queue | Villager (Male) |
| 0:51 | Queue | Villager (Male) |
| 1:15 | Queue | Villager (Male) |
| 1:16 | Queue | Villager (Male) |
| 1:44 | Queue | Villager (Male) |
| 1:44 | Queue | Villager (Male) |
| 2:08 | Queue | Villager (Male) |
| 2:08 | Queue | Villager (Male) |
| 2:31 | Queue | Villager (Male) |
| 2:32 | Queue | Villager (Male) |
| 2:45 | Build | Lumber Camp |
| 3:05 | Queue | Villager (Male) |
| 3:05 | Queue | Villager (Male) |
| 3:23 | Queue | Villager (Male) |
| 3:24 | Queue | Villager (Male) |
| 3:41 | Build | House |
| 3:52 | Queue | Villager (Male) |
| 3:52 | Queue | Villager (Male) |
| 4:00 | Queue | Villager (Male) |
| 4:01 | Queue | Villager (Male) |
| 4:31 | Queue | Villager (Male) |
| 4:31 | Queue | Villager (Male) |
| 4:54 | Build | Mill |
| 5:30 | Queue | Villager (Male) |
| 5:30 | Queue | Villager (Male) |
| 5:31 | Queue | Villager (Male) |
| 5:31 | Queue | Villager (Male) |
| 5:37 | Queue | Villager (Male) |
| 5:37 | Queue | Villager (Male) |
| 5:38 | Queue | Villager (Male) |
| 5:43 | Build | House |
| 5:52 | Queue | Villager (Male) |
| 6:01 | Queue | Villager (Male) |
| 6:07 | Queue | Villager (Male) |
| 6:45 | Queue | Villager (Male) |
| 7:01 | Build | House |
| 7:34 | Research | Feudal Age |
| 7:40 | Build | Barracks |
| 8:13 | Build | Mining Camp |
| 8:33 | Queue | Militia |
| 8:33 | Queue | Militia |
| 8:34 | Queue | Militia |
| 9:04 | Queue | Militia |
| 9:22 | Queue | Militia |
| 9:45 | Build | Lumber Camp |
| 9:50 | Age | Feudal Age |
| 9:56 | Queue | Villager (Male) |
| 9:58 | Research | Town Watch |
| 10:02 | Research | Man-at-Arms (upgrade) |
| 10:21 | Queue | Villager (Male) |
| 10:25 | Build | House |
| 10:44 | Build | Archery Range |
| 10:46 | Queue | Villager (Male) |
| 11:01 | Queue | Villager (Male) |
| 11:07 | Build | Blacksmith |
| 11:17 | Research | Double-Bit Axe |
| 11:17 | Research | Double-Bit Axe |
| 11:26 | Queue | Skirmisher |
| 11:27 | Queue | Archer |
| 11:34 | Queue | Villager (Male) |
| 11:35 | Queue | Villager (Male) |
| 11:55 | Build | Farm |
| 11:56 | Queue | Villager (Male) |
| 11:59 | Build | House |
| 12:04 | Queue | Archer |
| 12:25 | Build | Farm |
| 12:28 | Build | Farm |
| 12:28 | Queue | Villager (Male) |
| 12:34 | Queue | Archer |
| 12:52 | Queue | Villager (Male) |
| 13:12 | Queue | Villager (Male) |
| 13:28 | Queue | Archer |
| 13:35 | Queue | Villager (Male) |
| 13:48 | Queue | Villager (Male) |
| 13:51 | Build | Farm |
| 13:53 | Build | Farm |
| 13:53 | Build | Farm |
| 13:56 | Build | House |
| 14:18 | Build | Farm |
| 14:22 | Build | Farm |
| 14:23 | Build | Farm |
| 14:25 | Build | Farm |
| 14:30 | Build | Farm |
| 14:31 | Build | Farm |
| 14:31 | Build | Farm |
| 14:36 | Queue | Archer |
| 14:57 | Queue | Villager (Male) |
| 15:10 | Build | Farm |
| 15:12 | Build | Farm |
| 15:13 | Queue | Villager (Male) |
| 15:13 | Queue | Villager (Male) |
| 15:25 | Queue | Skirmisher |
| 15:26 | Queue | Villager (Male) |
| 15:37 | Build | Farm |
| 15:39 | Build | Farm |
| 15:43 | Queue | Archer |
| 15:50 | Research | Fletching |
| 15:59 | Build | House |
| 16:01 | Research | Wheelbarrow |
| 16:14 | Queue | Skirmisher |
| 16:24 | Research | Horse Collar |
| 16:24 | Research | Horse Collar |
| 16:30 | Build | Farm |
| 16:33 | Queue | Archer |
| 16:35 | Queue | Villager (Male) |
| 16:37 | Build | House |
| 17:05 | Queue | Villager (Male) |
| 17:16 | Queue | Skirmisher |
| 17:34 | Build | Farm |
| 17:39 | Build | House |
| 17:55 | Queue | Villager (Male) |
| 18:05 | Queue | Villager (Male) |
| 18:30 | Queue | Villager (Male) |
| 18:38 | Queue | Villager (Male) |
| 18:42 | Queue | Archer |
| 18:51 | Queue | Skirmisher |
| 19:01 | Queue | Villager (Male) |
| 19:08 | Build | Archery Range |
| 19:29 | Queue | Skirmisher |
| 19:38 | Queue | Villager (Male) |
| 19:41 | Build | Farm |
| 20:00 | Queue | Villager (Male) |
| 20:07 | Build | Farm |
| 20:10 | Queue | Villager (Male) |
| 20:13 | Build | Farm |
| 20:18 | Research | Castle Age |
| 20:22 | Queue | Skirmisher |
| 20:25 | Queue | Skirmisher |
| 20:30 | Research | Padded Archer Armor |
| 20:50 | Queue | Skirmisher |
| 20:51 | Queue | Skirmisher |
| 21:13 | Queue | Skirmisher |
| 21:14 | Queue | Skirmisher |
| 21:37 | Queue | Skirmisher |
| 21:38 | Queue | Skirmisher |
| 22:01 | Queue | Villager (Male) |
| 22:07 | Queue | Skirmisher |
| 22:08 | Queue | Skirmisher |
| 22:30 | Research | Gold Mining |
| 22:33 | Queue | Skirmisher |
| 22:34 | Queue | Skirmisher |
| 22:58 | Age | Castle Age |
| 23:01 | Research | Elite Skirmisher (upgrade) |
| 23:02 | Research | Bodkin Arrow |
| 23:03 | Queue | Villager (Male) |
| 23:05 | Queue | Villager (Male) |
| 23:14 | Queue | Villager (Male) |
| 23:16 | Build | Town Center |
| 23:25 | Queue | Villager (Male) |
Build order — wanjiadg
First 150 of 197 actions detected
| 0:00 | Queue | Villager (Male) |
| 0:00 | Queue | Villager (Male) |
| 0:01 | Queue | Villager (Male) |
| 0:02 | Build | House |
| 0:03 | Build | House |
| 0:07 | Queue | Villager (Male) |
| 0:08 | Queue | Villager (Male) |
| 0:08 | Queue | Villager (Male) |
| 1:31 | Queue | Villager (Male) |
| 1:31 | Queue | Villager (Male) |
| 1:52 | Build | Lumber Camp |
| 1:56 | Queue | Villager (Male) |
| 1:56 | Queue | Villager (Male) |
| 2:24 | Queue | Villager (Male) |
| 2:24 | Queue | Villager (Male) |
| 2:24 | Queue | Villager (Male) |
| 2:24 | Queue | Villager (Male) |
| 3:00 | Build | House |
| 3:20 | Queue | Villager (Male) |
| 3:24 | Build | House |
| 3:44 | Queue | Villager (Male) |
| 3:46 | Queue | Villager (Male) |
| 3:46 | Queue | Villager (Male) |
| 4:13 | Build | Mill |
| 4:20 | Research | Loom |
| 4:56 | Queue | Villager (Male) |
| 4:56 | Queue | Villager (Male) |
| 4:56 | Research | Loom |
| 5:50 | Research | Loom |
| 6:14 | Research | Feudal Age |
| 6:14 | Research | Feudal Age |
| 7:15 | Queue | Villager (Male) |
| 7:26 | Build | Barracks |
| 7:33 | Build | Mining Camp |
| 8:01 | Queue | Villager (Male) |
| 8:25 | Age | Feudal Age |
| 8:44 | Build | Watch Tower |
| 8:48 | Queue | Villager (Male) |
| 9:07 | Build | Archery Range |
| 9:26 | Build | Palisade Wall |
| 9:28 | Build | Palisade Wall |
| 9:30 | Build | Palisade Wall |
| 9:37 | Build | House |
| 9:41 | Build | Palisade Wall |
| 9:45 | Queue | Villager (Male) |
| 9:45 | Queue | Villager (Male) |
| 9:55 | Build | House |
| 10:09 | Queue | Skirmisher |
| 10:10 | Queue | Skirmisher |
| 10:19 | Build | Watch Tower |
| 10:21 | Build | Palisade Wall |
| 10:28 | Queue | Villager (Male) |
| 11:05 | Queue | Skirmisher |
| 11:06 | Queue | Skirmisher |
| 11:06 | Queue | Skirmisher |
| 11:10 | Queue | Villager (Male) |
| 11:34 | Build | Mining Camp |
| 11:42 | Queue | Villager (Male) |
| 11:42 | Queue | Villager (Male) |
| 11:42 | Queue | Villager (Male) |
| 12:00 | Build | Mining Camp |
| 12:13 | Build | Mill |
| 12:14 | Queue | Villager (Male) |
| 12:14 | Queue | Villager (Male) |
| 12:14 | Queue | Villager (Male) |
| 12:15 | Queue | Archer |
| 12:16 | Queue | Archer |
| 12:16 | Queue | Archer |
| 12:43 | Queue | Villager (Male) |
| 12:44 | Queue | Villager (Male) |
| 12:44 | Queue | Villager (Male) |
| 12:44 | Queue | Villager (Male) |
| 12:44 | Queue | Villager (Male) |
| 12:47 | Build | Watch Tower |
| 13:02 | Build | Watch Tower |
| 13:11 | Queue | Archer |
| 13:12 | Queue | Archer |
| 13:28 | Queue | Skirmisher |
| 13:28 | Queue | Skirmisher |
| 13:34 | Build | Watch Tower |
| 13:41 | Queue | Skirmisher |
| 13:41 | Queue | Skirmisher |
| 13:55 | Queue | Skirmisher |
| 14:05 | Build | Blacksmith |
| 14:09 | Queue | Villager (Male) |
| 14:12 | Build | House |
| 14:25 | Build | Palisade Wall |
| 14:26 | Build | Palisade Wall |
| 14:26 | Build | Palisade Wall |
| 14:27 | Build | Palisade Wall |
| 14:27 | Build | Palisade Wall |
| 14:32 | Queue | Villager (Male) |
| 14:32 | Queue | Villager (Male) |
| 14:32 | Queue | Villager (Male) |
| 15:16 | Queue | Villager (Male) |
| 15:25 | Build | Farm |
| 15:26 | Build | Farm |
| 15:28 | Build | Farm |
| 15:29 | Build | Farm |
| 15:29 | Build | Farm |
| 15:30 | Build | Farm |
| 15:33 | Build | Farm |
| 15:55 | Queue | Archer |
| 15:56 | Queue | Archer |
| 15:56 | Queue | Archer |
| 15:56 | Queue | Archer |
| 15:56 | Queue | Archer |
| 16:09 | Build | House |
| 16:10 | Build | House |
| 16:15 | Queue | Villager (Male) |
| 16:15 | Queue | Villager (Male) |
| 16:15 | Queue | Villager (Male) |
| 16:27 | Queue | Archer |
| 16:28 | Queue | Archer |
| 16:28 | Queue | Archer |
| 16:30 | Queue | Villager (Male) |
| 16:30 | Queue | Villager (Male) |
| 16:30 | Queue | Villager (Male) |
| 16:39 | Build | House |
| 17:12 | Queue | Villager (Male) |
| 17:14 | Build | Farm |
| 17:22 | Research | Fletching |
| 17:22 | Research | Fletching |
| 17:32 | Queue | Villager (Male) |
| 17:39 | Build | Farm |
| 17:43 | Build | Lumber Camp |
| 17:44 | Build | Farm |
| 17:51 | Build | House |
| 18:08 | Queue | Villager (Male) |
| 18:08 | Queue | Villager (Male) |
| 18:09 | Queue | Villager (Male) |
| 18:29 | Queue | Villager (Male) |
| 18:29 | Queue | Villager (Male) |
| 18:42 | Queue | Villager (Male) |
| 18:44 | Build | Archery Range |
| 18:52 | Queue | Villager (Male) |
| 19:20 | Queue | Skirmisher |
| 19:20 | Queue | Skirmisher |
| 19:20 | Queue | Skirmisher |
| 19:21 | Queue | Skirmisher |
| 19:21 | Queue | Skirmisher |
| 19:46 | Queue | Skirmisher |
| 19:47 | Queue | Skirmisher |
| 19:47 | Queue | Villager (Male) |
| 20:05 | Queue | Skirmisher |
| 20:05 | Queue | Skirmisher |
| 20:26 | Queue | Skirmisher |
| 20:41 | Queue | Villager (Male) |
| 20:42 | Queue | Villager (Male) |
| 20:43 | Queue | Archer |
Match timeline
| 7:26 | wanjiadg · first_building Barracks |
| 7:40 | Jahhed · first_building Barracks |
| 8:25 | wanjiadg · age_up feudal |
| 9:07 | wanjiadg · first_building Archery Range |
| 9:26 | wanjiadg · wall_segment Palisade Wall x1 |
| 9:28 | wanjiadg · wall_segment Palisade Wall x1 |
| 9:30 | wanjiadg · wall_segment Palisade Wall x1 |
| 9:41 | wanjiadg · wall_segment Palisade Wall x1 |
| 9:50 | Jahhed · age_up feudal |
| 10:21 | wanjiadg · wall_segment Palisade Wall x1 |
| 10:44 | Jahhed · first_building Archery Range |
| 14:25 | wanjiadg · wall_segment Palisade Wall x1 |
| 14:26 | wanjiadg · wall_segment Palisade Wall x1 |
| 14:26 | wanjiadg · wall_segment Palisade Wall x1 |
| 14:27 | wanjiadg · wall_segment Palisade Wall x1 |
| 14:27 | wanjiadg · wall_segment Palisade Wall x1 |
| 21:41 | wanjiadg · first_building Stable |
| 22:58 | Jahhed · age_up castle |
| 24:01 | wanjiadg · resign |
[ AI ANALYSIS · 1 CREDIT ]
What really happened in this match?
Wolo.gg analyzes every decision: build order, eco, micro, common mistakes by bracket. Personalized analysis on WhatsApp or Discord in 30 seconds.
Civ guide
Chinese
Perfil
Jugador #25641411